 Dungeon Crawl Stone Soup version 0.31-a0-965-g8a8ce12e04 (webtiles) character file.

Game seed: 7588894911670437218

67 tsujin the Ruffian (level 3, -2/26 HPs)
             Began as a Demonspawn Shapeshifter on Oct 26, 2023.
             Was a Follower of Cheibriados.
             Slain by a gnoll
             ... wielding a +0 whip
              (4 damage)
             ... on level 4 of the Dungeon.
             The game lasted 00:03:49 (1914 turns).

tsujin the Ruffian (Demonspawn Shapeshifter)        Turns: 1914, Time: 00:03:49

Health: -2/26      AC:  6    Str: 18    XL:     3   Next: 98%
Magic:  3/3        EV: 10    Int: 13    God:    Cheibriados [*.....]
Gold:   159        SH:  4    Dex: 14    Spells: 2/2 levels left

rFire   . .          .
                       - Unarmed
rCold   . . .        (no shield)
rNeg    . . .        l - +0 scale mail
rPois   .            (helmet currently unavailable)
rElec   .            (cloak currently unavailable)
rCorr   .            (gloves currently unavailable)
SInv    .            (boots currently unavailable)
Will    .....        (no amulet) Stlth
                     (no ring)
HPRegen 0.24/turn    (no ring)
MPRegen 0.08/turn

%: no passive effects
@: beast-form, attractive, very slow
A: beast (slay +1), claws 1, large bone plates 1
a: Begin Untransformation, Renounce Religion, Bend Time


You were on level 4 of the Dungeon.
You worshipped Cheibriados.
Cheibriados was aware of your devotion.
You were a hulking beast.
You visited 1 branch of the dungeon, and saw 4 of its levels.

You collected 159 gold pieces.

Inventory:

Armour
 l - a +0 scale mail (worn)
Magical Staves
 g - a staff of conjuration
 k - a staff of poison
Talismans
 c - a beast talisman
 d - a flux talisman
Scrolls
 a - a scroll of poison {unknown}
 e - a scroll of noise {unknown}
 i - 2 scrolls of identify {unknown}
Potions
 b - a potion of lignification
 h - a potion of attraction
 j - a potion of might {unknown}


   Skills:
 - Level 1.0 Fighting
 - Level 1.7 Dodging
 + Level 4.4 Unarmed Combat
 - Level 2.6 Shapeshifting


You had 2 spell levels left.
You didn't know any spells.
Your spell library contained the following spells:

 Spells                   Type           Power      Damage    Failure   Level
 Summon Forest            Summ/Tloc      0%         N/A       100%        5
 Eringya's Noxious Bog    Tmut/Pois      0%         4d6       100%        6
 Summon Hydra             Summ           0%         N/A       100%        7


Dungeon Overview and Level Annotations

Branches:
Dungeon (4/15)
 Temple: D:4-7

Altars:
Cheibriados

Shops:
D:1 :


Innate Abilities, Weirdness & Mutations

You are a hulking beast.
Your limbs bulge with bestial killing power. (Slay +1)
You have sharp fingernails.
You are partially covered in large bone plates. (SH +4)


Message History

There is a stone staircase leading up here.
There is a stone staircase leading up here. 2 gnolls come into view.
The gnoll shouts! x2; You hear a shout! x3
A ball python comes into view.
The gnoll closely misses you.
A gnoll comes into view. It is wielding a +0 whip.
You block the gnoll's attack.
The ball python hisses angrily.
You block the gnoll's attack. The gnoll closely misses you.
You claw the gnoll!
The gnoll is severely wounded.
The gnoll misses you.
You closely miss the gnoll.
The gnoll is severely wounded.
The gnoll hits you with a +0 halberd!
You take 8 damage, and have 18/26 hp.
MASSIVE DAMAGE!!
You scratch the gnoll.
The gnoll is severely wounded.
A goblin comes into view. It is wielding a +0 club.
The gnoll barely misses you.
You claw the gnoll!
You kill the gnoll!
Cheibriados appreciates the change of pace.
You scratch the gnoll.
The gnoll is heavily wounded.
The gnoll hits you from afar with a +0 halberd!
You block the gnoll's attack.
You take 10 damage, and have 9/26 hp.
MASSIVE DAMAGE!!
You are too injured to fight recklessly!
It was a potion of attraction.
You feel attractive to monsters. The gnoll hits you but does no damage.
The gnoll hits you with a +0 whip!
* * * LOW HITPOINT WARNING * * *
The goblin is attracted toward you.
You take 7 damage, and have 2/26 hp.
MASSIVE DAMAGE!!
An endoplasm comes into view.
The gnoll attacks as it pursues you! The gnoll hits you with a +0 whip.
You die...

.#S##.. .#
.....J. .#
#.?.#.#.#
#....ยง..
#.g.gS# #g#
#)# #g# #h#
#.# #.#
#.#####
#...<.####..#
#####........
######...


You could see 2 gnolls, an endoplasm (wandering), a goblin and a ball python.

Vanquished Creatures
  An adder (D:2)
  A gnoll (D:4)
  2 worms (D:2)
  A dart slug (D:3)
  6 bats
  7 endoplasms
  A giant cockroach (D:3)
  3 goblins
  3 hobgoblins
  3 quokkas
  4 ball pythons
  2 frilled lizards
  2 kobolds
  2 rats (D:3)
38 creatures vanquished.

Notes
Turn   | Place    | Note
-------+----------+-------------------------------------------
     0 | D:1      | tsujin the Demonspawn Shapeshifter began the quest for the
                  | Orb.
     0 | D:1      | Reached XP level 1. HP: 15/15 MP: 1/1
   143 | D:1      | Found Votwu's Book Shop.
   149 | D:1      | Reached skill level 3 in Unarmed Combat
   214 | D:1      | Gained mutation: You have sharp fingernails. [demonic
                  | ancestry]
   214 | D:1      | Reached XP level 2. HP: 16/21 MP: 2/2
   837 | D:2      | Gained mutation: You are partially covered in large bone
                  | plates. (SH +4) [demonic ancestry]
   837 | D:2      | Reached XP level 3. HP: 26/26 MP: 3/3
   852 | D:2      | Found a snail-covered altar of Cheibriados.
   930 | D:2      | Became a worshipper of Cheibriados the Contemplative
   949 | D:2      | Found a faded altar of an unknown god.
  1077 | D:2      | Reached skill level 4 in Unarmed Combat
  1590 | D:3      | Reached * piety under Cheibriados
  1914 | D:4      | Slain by a gnoll

Illustrated notes

Levels and vault maps discovered:
D:1:      minmay_arrival_arboretum_small, layout_rooms, serial_shops,
          nicolae_shop_waterfront
D:2:      layout_rooms, shapermc_ecumenical_altar_mp_vishouse, basic_altar
D:3:      layout_basic, chequers_mini_garden, nrook_mini_backslash,
          nicolae_twisty_statue_hallways
D:4:      layout_loops_cross, uniq_ijyb

Skill      XL: |  1  2  3 |
---------------+----------+-----
Unarmed Combat | 3 4 |  4.4
Fighting       | |  1.0
Dodging        | |  1.7
Shapeshifting  | |  2.6

Action                     || total
---------------------------++-------
  Melee: Unarmed           ||   109
         Punch             ||     1
    Use: Potion            ||     1
 Armour: Ring mail         ||    44
         Animal skin       ||     6
         Scale mail        ||    11
  Dodge: Dodged            ||    46
  Block: Other             ||     8

Table legend: (Time is in decaauts)
 A = Elapsed time spent in this place.
 B = Non-inter-level travel time spent in this place.
 C = Inter-level travel time spent in this place.
 D = Time resting spent in this place.
 E = Time spent auto-exploring this place.
 F = Levels seen in this place.
 G = Mean time per level.
                   A        B        C        D        E       F      G
               +--------+--------+--------+--------+--------+-----+--------+
         Total |   2192 |   2114 |     78 |    155 |   1570 |   4 |  548.0 |
       Dungeon |   2192 |   2114 |     78 |    155 |   1570 |   4 |  548.0 |
               +--------+--------+--------+--------+--------+-----+--------+

Top non-repeatable levels by time:
     D:3: 960 daAuts
     D:2: 708 daAuts
     D:1: 492 daAuts
     D:4: 30 daAuts
